 Dungeon Crawl Stone Soup version 0.28.0-45-g0d030f2227 (webtiles) character file.

Game seed: 17655592193004348394

238 NinjaNoafa the Skirmisher (level 5, -7/47 HPs)
             Began as a Draconian Berserker on Apr 5, 2022.
             Was a Believer of Trog.
             Mangled by an orc warrior
             ... wielding a +0 mace
              (18 damage)
             ... on level 4 of the Dungeon.
             The game lasted 00:07:39 (3783 turns).

NinjaNoafa the Skirmisher (Draconian Berserker)     Turns: 3783, Time: 00:07:40

Health: -7/47      AC:  5    Str: 22    XL:     5   Next: 78%
Magic:  5/5        EV: 12    Int:  7    God:    Trog [**....]
Gold:   222        SH:  0    Dex: 10    Spells: 4/4 levels left

rFire   . . .      SeeInvis .   e - +4 dagger (speed)
rCold   . . .      Faith    .   (no shield)
rNeg    + . .      Spirit   .   (armour unavailable)
rPois   .          Reflect  .   (helmet restricted)
rElec   .          Harm     .   (no cloak)
rCorr   .          Rampage  .   (no gloves)
Will    .....                   (no boots)
Stlth   ++........              (no amulet)
HPRegen 0.15/turn               f - ring of positive energy
MPRegen 0.09/turn               (no ring)

@: no status effects
A: AC +5, unfitting armour, cold-blooded
a: Renounce Religion, Berserk, Trog's Hand


You were on level 4 of the Dungeon.
You worshipped Trog.
Trog was pleased with you.
You visited 1 branch of the dungeon, and saw 4 of its levels.

You collected 222 gold pieces.

Inventory:

Hand Weapons
 a - a +0 hand axe
 e - a +4 dagger of speed (weapon)
 k - a +0 scimitar
Missiles
 n - 25 stones (quivered)
Armour
 l - a +1 pair of gloves
Jewellery
 f - a ring of positive energy (left hand)
Wands
 o - a wand of iceblast (6)
Scrolls
 c - a scroll of identify
Potions
 b - a potion of curing
 g - 2 potions of flight
 m - a potion of lignification


   Skills:
 + Level 4.5 Fighting
 + Level 3.0 Short Blades
 - Level 3.2 Axes
 * Level 3.7 Dodging
 + Level 1.6 Stealth


You had 4 spell levels left.
You didn't know any spells.
Your spell library was empty.

Dungeon Overview and Level Annotations

Branches:
Dungeon (4/15)
 Temple: D:4-7

Altars:
Cheibriados
Okawaru
Uskayaw

Annotations:
D:4 Sigmund


Innate Abilities, Weirdness & Mutations

Your plain brown scales are hard. (AC +5)
You cannot fit into any form of body armour.
You are cold-blooded and may be slowed by cold attacks.


Message History

Found a stone staircase leading up.
An orc comes into view. It is wielding a +0 trident.
An orc comes into view. It is wielding a +0 morningstar.
The orc shouts!
You hear a shout! x2
The orc moves out of view.
You hear a shout!
An orc warrior comes into view. It is wielding a +0 mace.
You closely miss the orc. You hit the orc.
The orc is moderately wounded.
The orc misses you.
You hit the orc warrior but do no damage.
You hit the orc warrior but do no damage.
The orc hits you from afar with a +0 trident.
You hit the orc warrior but do no damage.
The orc warrior barely misses you.
The orc hits you from afar with a +0 trident.
The orc closely misses you.
You closely miss the orc warrior.
You tail-slap the orc warrior, but do no damage.
You closely miss the orc warrior. You tail-slap the orc warrior.
The orc warrior is lightly wounded.
The orc warrior hits you with a +0 mace.
The orc misses you. The orc hits you but does no damage.
You hit the orc warrior.
The orc warrior is lightly wounded.
You hit the orc.
You kill the orc!
Trog accepts your kill.
The orc warrior hits you with a +0 mace!
The orc closely misses you.
You closely miss the orc warrior.
The orc warrior is lightly wounded.
The orc warrior hits you with a +0 mace!
* * * LOW HITPOINT WARNING * * *
You feel better. The orc closely misses you. The orc warrior barely misses you.
The orc hits you from afar with a +0 trident.
* * * LOW HITPOINT WARNING * * *
The orc warrior hits you with a +0 mace!!
You die...

....# ######......##
....####............#
##..................##
#.#........###.......#
###....##### #...#...#
#..### #...##...#
###..# ##..##...#
.##..# #...# ...
.....# #o@.# .....#
#o.....# ......
#.....##..... ####..
#.....### ####. .
...### ..# ..


You could see an orc warrior and an orc.

Vanquished Creatures
  An ice beast (D:4)
  A hound (D:4)
  2 adders
  5 dart slugs
  6 orcs
  7 endoplasms
  4 giant cockroaches
  9 goblins
  9 hobgoblins
  3 quokkas
  5 ball pythons
  10 bats
  5 frilled lizards
  10 kobolds
  4 rats
81 creatures vanquished.

Notes
Turn   | Place    | Note
-------+----------+-------------------------------------------
     0 | D:1      | NinjaNoafa the Draconian Berserker began the quest for the
                  | Orb.
     0 | D:1      | Reached XP level 1. HP: 19/19 MP: 1/1
   213 | D:1      | Reached XP level 2. HP: 26/26 MP: 2/2
   583 | D:1      | Found a faded altar of an unknown god.
   747 | D:1      | Reached XP level 3. HP: 33/33 MP: 3/3
   799 | D:1      | Reached skill level 1 in Short Blades
   888 | D:1      | Reached ** piety under Trog
  1984 | D:3      | Reached skill level 4 in Fighting
  2046 | D:3      | Reached XP level 4. HP: 37/40 MP: 4/4
  2240 | D:3      | Found a hide-covered altar of Uskayaw.
  2241 | D:3      | Found a snail-covered altar of Cheibriados.
  2329 | D:3      | Found an iron altar of Okawaru.
  2884 | D:4      | Noticed an ice beast
  2943 | D:4      | Killed an ice beast
  2944 | D:4      | Reached skill level 1 in Stealth
  2944 | D:4      | Reached XP level 5. HP: 38/47 MP: 5/5
  3225 | D:4      | Noticed Sigmund
  3769 | D:4      | Noticed an orc warrior
  3783 | D:4      | Mangled by an orc warrior

Illustrated notes

Levels and vault maps discovered:
D:1:      evilmike_arrival_fibonacci_small, layout_loops_corners,
          basic_ecumenical_altar
D:2:      layout_loops_ring
D:3:      layout_loops_ring, okawaru_metal_pillars_1_2,
          mainiacjoe_overflow_divided_tiny, minmay_circle_x
D:4:      layout_layer_cave, uniq_sigmund

Skill      XL: |  1  2  3  4  5 |
---------------+----------------+-----
Dodging        | 3 |  3.7
Short Blades   | 1 2 3 |  3.0
Fighting       | 4 |  4.5
Stealth        | 1 |  1.6
Axes           | |  3.2

Action                   |  1- 3 |  4- 6 || total
-------------------------+-------+-------++-------
Melee: Hand axe          |    32 |       ||    32
       Tailslap          |    12 |    17 ||    29
       Punch             |     2 |     2 ||     4
       Dagger            |   119 |   149 ||   268
       Scimitar          |     7 |       ||     7
  Use: Potion            |       |     6 ||     6
       Scroll            |       |     8 ||     8
 Stab: Sleeping          |     1 |       ||     1
Armor: Skin              |    44 |    35 ||    79
Dodge: Dodged            |    93 |    69 ||   162
